 Dungeon Crawl Stone Soup version 0.30-a0-622-gddc90eaa04 (webtiles) character file.

Game seed: 432359664078440937

1312 wormed the Slicer (level 8, -3/49 HPs)
             Began as a Kobold Brigand on Jan 10, 2023.
             Slain by a wight
             ... wielding a +2 dire flail of freezing
              (4 damage)
             ... on level 5 of the Dungeon.
             The game lasted 00:06:13 (5748 turns).

wormed the Slicer (Kobold Brigand)                  Turns: 5748, Time: 00:06:13

Health: -3/49      AC:  7    Str:  8    XL:     8   Next: 89%
Magic:  8/8        EV: 15    Int: 13    God:
Gold:   352        SH:  5    Dex: 18    Spells: 7/7 levels left

rFire   . . .      SeeInvis .    n - +4 short sword (elec)
rCold   . . .      Faith    .    o - +0 buckler
rNeg    . . .      Spirit   .    f - +1 troll leather armour {Pargi}
rPois   +          Reflect  .    (no helmet)
rElec   .          Harm     .    c - +0 cloak
rCorr   .          Rampage  .    (no gloves)
Will    .....                    v - +0 pair of boots
Stlth   +++++                    u - amulet of magic regeneration
HPRegen 1.08/turn                p - ring of poison resistance
MPRegen 0.51/turn                (no ring)

@: no status effects
A: small, no large weapons, nightstalker 3
a: no special abilities


You were on level 5 of the Dungeon.
You visited 1 branch of the dungeon, and saw 6 of its levels.
You also visited: Sewer.

You collected 352 gold pieces.

Inventory:

Hand Weapons
 a - a +2 heavy dagger
 n - a +4 short sword of electrocution (weapon)
Missiles
 d - 12 poisoned darts (quivered)
 e - 3 curare-tipped darts
Armour
 c - a +0 cloak (worn)
 f - a +1 troll leather armour (worn) {Pargi}
 o - a +0 buckler (worn)
 v - a +0 pair of boots (worn)
Jewellery
 p - a ring of poison resistance (left hand)
 u - an amulet of magic regeneration (around neck)
Wands
 s - a wand of light (10)
Scrolls
 b - 3 scrolls of teleportation
 g - a scroll of fog
 k - a scroll of fear
Potions
 h - 4 potions of flight
 i - 2 potions of haste
 j - 2 potions of brilliance
 l - 2 potions of resistance
 m - a potion of curing
 q - a potion of might {unknown}
 r - a potion of mutation
 t - a potion of heal wounds {unknown}
 w - a potion of lignification {unknown}


   Skills:
 + Level 5.0 Fighting
 * Level 8.2 Short Blades
 - Level 2.1 Throwing
 + Level 5.0 Dodging
 + Level 7.9 Stealth
 + Level 2.9 Shields


You had 7 spell levels left.
You didn't know any spells.
Your spell library contained the following spells:

 Spells                   Type           Power      Damage    Failure   Level
 Magic Dart               Conj           0%         1d3       54%         1
 Call Imp                 Summ           0%         N/A       69%         2
 Dazzling Flash           Conj/Hex       0%         N/A       89%         3
 Mephitic Cloud           Conj/Pois/Air  0%         N/A       89%         3
 Animate Dead             Necr           0%         N/A       100%        4
 Agony                    Necr           0%         N/A       100%        5
 Silence                  Hex/Air        0%         N/A       100%        5
 Haunt                    Necr/Summ      0%         N/A       100%        7
 Infestation              Necr           0%         N/A       100%        8


Dungeon Overview and Level Annotations

Branches:
Dungeon (6/15)              Sewer (visited)
 Temple: D:4-7

Altars:
Dithmenos
Hepliaklqana
Kikubaaqudgha

Shops:
D:3 :


Innate Abilities, Weirdness & Mutations

You are small and have problems with some larger weapons.
You are completely attuned to the shadows.


Message History

You block the wight's attack.
You hit the wight.
The wight is heavily damaged.
You hit the wight.
The wight is severely damaged.
The wight misses you.
You closely miss the wight.
The wight is severely damaged.
The wight misses you.
The wight hits you with a +3 scimitar of freezing!
The wight freezes you.
You are too injured to fight recklessly!
You closely miss the wight.
The wight is severely damaged.
You closely miss the wight.
The wight is severely damaged.
You block the wight's attack. The wight closely misses you.
You puncture the wight!
You destroy the wight!
Your life force feels restored.
Your Fighting skill increases to level 5!
Your Dodging skill increases to level 5!
A wight comes into view. It is wielding a +0 dire flail.
The wight barely misses you. x2
You hit the wight but do no damage. You hit the wight.
Lightning courses through the wight!
You destroy the wight!
The wight closely misses you.
There is a stone staircase leading up here.
The wight hits you with a +2 dire flail of freezing!
The wight freezes you.
You climb upwards.
There is a stone staircase leading down here.
A wight is nearby!
You puncture the wight!
The wight is heavily damaged.
The wight hits you with a +2 dire flail of freezing!
* * * LOW HITPOINT WARNING * * *
The wight freezes you.
You die...

.##.####..###.....##.##..........
..................##..........#.#
....####..###.######.##.#.###.#.#
.#........# #.# #.##.#.###.#.#
.#...###..# #.# #..........#..
.#...###..###.######..#.#........
.......#...........#..#.......###
....####..###..###.#..#.#.##..# #
...............z@.......#.##..# #
.##.......###..#.#.#..#.#.##..# #
.##.####..# #..#.#.#..#.#.##..###
.##.####..# #....................
..#.......# #..#.#.##.........###
..####....###........##.#........
...................####.#.#######
.................................
........................#.#######


You could see a wight.

Vanquished Creatures
  Menkaure (D:5)
  Pargi (D:3)
  An ice beast (D:5)
  A centaur (D:5)
  A phantom (D:5)
  A necrophage (D:5)
  2 scorpions (D:5)
  2 wights (D:6)
  2 orc priests (D:3)
  2 hounds
  Jessica (D:3)
  An orc wizard (D:5)
  Robin (D:3)
  8 gnolls (D:3)
  10 adders
  6 river rats (Sewer)
  A shadow imp (D:4)
  A white imp (D:5)
  A worm (Sewer)
  3 dart slugs
  8 orcs
  5 ball pythons
  A bat zombie (D:3)
  6 endoplasms
  14 giant cockroaches
  16 goblins
  5 hobgoblins
  11 jackals
  7 kobolds
  4 quokkas
  15 bats
  7 frilled lizards
  A rat (D:1)
  2 rat zombies (D:3)
149 creatures vanquished.

Vanquished Creatures (others)
  15 plants (D:3)
15 creatures vanquished.

Grand Total: 164 creatures vanquished

Notes
Turn   | Place    | Note
-------+----------+-------------------------------------------
     0 | D:1      | wormed the Kobold Brigand began the quest for the Orb.
     0 | D:1      | Reached XP level 1. HP: 12/12 MP: 1/1
   252 | D:1      | Reached skill level 3 in Short Blades
   256 | D:1      | Reached XP level 2. HP: 18/18 MP: 2/2
  1134 | D:2      | Reached XP level 3. HP: 22/22 MP: 3/3
  1578 | D:2      | Reached skill level 4 in Short Blades
  1578 | D:2      | Reached XP level 4. HP: 22/27 MP: 4/4
  2010 | D:3      | Noticed Pargi
  2016 | D:3      | Killed Pargi
  2017 | D:3      | Reached XP level 5. HP: 32/32 MP: 5/5
  2047 | D:3      | Found a glowing drain.
  2053 | Sewer    | Entered a sewer
  2057 | Sewer    | Reached skill level 5 in Short Blades
  2064 | Sewer    | Reached skill level 1 in Shields
  2125 | Sewer    | Reached XP level 6. HP: 37/37 MP: 6/6
  2888 | D:3      | Found Witadoum's Book Boutique.
  3104 | D:3      | Reached XP level 7. HP: 42/42 MP: 7/7
  3186 | D:3      | Found an ancient bone altar of Kikubaaqudgha.
  3345 | D:3      | Noticed Robin
  3388 | D:3      | Noticed Jessica
  3390 | D:3      | Reached skill level 6 in Short Blades
  3394 | D:3      | Killed Robin
  3399 | D:3      | Killed Jessica
  3431 | D:3      | Found a shadowy altar of Dithmenos.
  3431 | D:3      | Found a hazy altar of Hepliaklqana.
  3431 | D:3      | Noticed a shadow
  4628 | D:5      | Entered Level 5 of the Dungeon
  4680 | D:5      | Reached XP level 8. HP: 36/48 MP: 8/8
  4768 | D:5      | Reached skill level 7 in Short Blades
  5563 | D:5      | Noticed Menkaure
  5567 | D:5      | Killed Menkaure
  5568 | D:5      | Reached skill level 8 in Short Blades
  5742 | D:6      | Reached skill level 5 in Fighting
  5742 | D:6      | Reached skill level 5 in Dodging
  5748 | D:5      | HP: 1/49 [wight/+2 dire flail of freezing (17)]
  5748 | D:5      | Slain by a wight

Illustrated notes

Levels and vault maps discovered:
D:1:      lemuel_arrival_room, layout_basic
D:2:      minmay_roachtagon, layout_basic
D:3:      layout_basic, riverfiend_overflow_shadow_ancestor,
          lemuel_zombie_altar_kikubaaqudgha, portal_sewer_entry_d, serial_shops,
          nicolae_shop_window_shopping, nicolae_grassy_gnolls, uniq_jessica,
          uniq_pargi, uniq_robin
D:4:      minmay_general_purpose_star, layout_basic
D:5:      layout_basic, serial_glass, glass_columns_b, glass_columns_c,
          uniq_menkaure
D:6:      minmay_chambers_of_fours, layout_cave_pools

Skill      XL: |  1  2  3  4  5  6  7  8 |
---------------+-------------------------+-----
Short Blades   | 3 4 5 6 8 |  8.2
Dodging        | 2 3 4 5 |  5.0
Fighting       | 3 4 5 |  5.0
Stealth        | 6 7 |  7.9
Shields        | 1 2 |  2.9
Throwing       | |  2.1

Action                   |  1- 3 |  4- 6 |  7- 9 || total
-------------------------+-------+-------+-------++-------
Melee: Dagger            |    96 |    23 |       ||   119
       Short sword       |       |   163 |   151 ||   314
  Use: Scroll            |       |     9 |     9 ||    18
       Potion            |       |     1 |       ||     1
 Stab: Sleeping          |    16 |    13 |    15 ||    44
       Distracted        |     1 |     1 |       ||     2
Armor: Robe              |    29 |     1 |       ||    30
       Troll leather arm |       |    44 |    17 ||    61
Dodge: Dodged            |   103 |   146 |    66 ||   315
Block: Buckler           |       |    31 |    16 ||    47

Table legend: (Time is in decaauts)
 A = Elapsed time spent in this place.
 B = Non-inter-level travel time spent in this place.
 C = Inter-level travel time spent in this place.
 D = Time resting spent in this place.
 E = Time spent auto-exploring this place.
 F = Levels seen in this place.
 G = Mean time per level.
                   A        B        C        D        E       F      G
               +--------+--------+--------+--------+--------+-----+--------+
         Total |   5867 |   5648 |    219 |      0 |   4620 |   7 |  838.1 |
       Dungeon |   4913 |   4694 |    219 |      0 |   4009 |   6 |  818.8 |
         Sewer |    953 |    953 |      0 |      0 |    610 |   1 |  953.0 |
               +--------+--------+--------+--------+--------+-----+--------+

Top non-repeatable levels by time:
     D:5: 1080 daAuts
     D:1: 1078 daAuts
     D:3: 987 daAuts
   Sewer: 953 daAuts
     D:2: 905 daAuts
     D:4: 840 daAuts
     D:6: 21 daAuts
